Colorado Rockies vs Boston Bruins
Created - Monday, February 19, 2024 at 07:02
Goals
|
| Colorado Rockies |
3 |
1 |
0 |
4 |
| Boston Bruins |
0 |
2 |
0 |
2 |
|
Shots
|
| Colorado Rockies |
10 |
13 |
7 |
30 |
| Boston Bruins |
9 |
13 |
8 |
30 |
|
1st period
1. Colorado Rockies , Nikita Kucherov 4 (Ryan O'Reilly 6) at 0:04
2. Colorado Rockies , Nikita Kucherov 5 (Ryan O'Reilly 7, Victor Hedman 4) at 2:03
3. Colorado Rockies , Nick Bonino 1 (Kyle Palmieri 3, Michael Bunting 1) at 11:29
Penalties :
Nikita Kucherov (COL) for High sticking (Minor) at 4:48, Otto Koivula (BOS) for Holding Stick (Minor) at 14:57
2nd period
4. Boston Bruins , David Krejci 4 (Joel Farabee 7, Brandon Hagel 6) at 8:07
5. Colorado Rockies , David Pastrnak 6 (Tim Stutzle 6, Quinn Hughes 6) at 9:00
6. Boston Bruins , David Krejci 5 (Joel Farabee 8) at 13:05
Penalties :
Brandon Hagel (BOS) for Interference (Minor) at 9:16, Quinn Hughes (COL) for Tripping (Minor) at 15:33
3rd period
No Goal
Penalties :
Nick Schmaltz (COL) for Holding (Minor) at 3:23, Vince Dunn (COL) for Tripping (Minor) at 7:46, Vince Dunn (COL) for Hooking (Minor) at 12:30, Michael Bunting (COL) for Tripping (Minor) at 16:31
Goalie Stats
Joey Daccord (COL), 28 saves from 30 shots - (0.933), W, 4-6-1, 60:00 minutes
Pyotr Kochetkov (BOS), 26 saves from 30 shots - (0.867), L, 2-4-2, 60:00 minutes
Players Stats for Colorado Rockies
Player Name G A P +/- PIM S H SB GA TA FO MP PP MP PK MP
------------------------------------------------------------------------------------
Andrew Peeke 0 0 0 1 0 3 0 3 0 0 0/0 23:31 1:47 6:22
David Pastrnak 1 0 1 0 0 5 1 0 0 0 2/2 14:00 1:59 0:00
Evgeny Kuznetsov 0 0 0 0 0 0 1 0 0 0 4/7 12:32 0:00 1:13
Jesper Bratt 0 0 0 0 0 0 0 0 0 0 0/0 15:17 1:59 0:37
Kevin Hayes 0 0 0 0 0 1 0 0 0 0 0/0 10:39 0:00 0:00
Kyle Connor 0 0 0 1 0 3 1 1 0 1 0/0 14:29 1:59 0:00
Kyle Palmieri 0 1 1 1 0 3 0 1 0 0 0/0 7:31 0:00 0:00
Martin Fehervary 0 0 0 -1 0 0 1 0 0 2 0/0 16:31 0:00 5:44
Michael Bunting 0 1 1 1 2 2 2 0 0 1 0/0 8:19 0:00 0:00
Nick Bonino 1 0 1 1 0 2 0 1 0 0 4/7 13:14 0:00 5:38
Nick Schmaltz 0 0 0 0 2 1 2 0 0 0 0/1 15:52 0:00 4:45
Nikita Kucherov 2 0 2 1 2 4 0 0 1 1 0/0 14:31 1:59 0:00
Nikita Zadorov 0 0 0 -1 0 0 2 1 0 0 0/0 16:37 0:00 5:32
Quinn Hughes 0 1 1 2 2 0 0 1 0 0 0/0 20:09 2:11 0:00
Ryan O'Reilly 0 2 2 1 0 0 1 0 0 0 7/16 20:26 1:59 5:39
Tim Stutzle 0 1 1 0 0 6 2 0 1 0 6/17 20:29 1:59 5:56
Victor Hedman 0 1 1 2 0 0 1 1 1 4 0/0 26:16 2:11 5:32
Vince Dunn 0 0 0 1 4 0 1 0 0 0 0/0 17:37 1:47 0:38
Players Stats for Boston Bruins
Player Name G A P +/- PIM S H SB GA TA FO MP PP MP PK MP
------------------------------------------------------------------------------------
Anthony Beauvillier 0 0 0 -1 0 2 1 0 0 0 0/1 18:50 5:54 1:44
Brandon Hagel 0 1 1 -1 2 0 3 0 2 0 1/1 18:05 5:54 0:56
Cam York 0 0 0 -2 0 0 3 0 0 0 0/0 22:29 5:34 2:13
Charlie McAvoy 0 0 0 0 0 1 1 0 0 0 0/0 23:08 5:59 1:45
David Krejci 2 0 2 0 0 7 3 0 0 0 8/15 18:31 6:00 1:44
Jack Studnicka 0 0 0 0 0 2 0 0 0 1 0/0 8:34 0:00 0:00
Joe Veleno 0 0 0 -1 0 3 1 2 0 0 1/2 13:54 0:00 0:23
Joel Farabee 0 2 2 0 0 2 3 0 1 1 0/0 16:47 6:00 0:00
John-Jason Peterka 0 0 0 -1 0 1 1 1 2 0 0/1 14:14 0:00 0:40
Luke Kunin 0 0 0 0 0 3 4 1 0 0 0/0 16:47 6:00 0:00
Matt Grzelcyk 0 0 0 0 0 0 2 0 1 0 0/0 14:23 0:21 0:00
Morgan Geekie 0 0 0 0 0 1 1 0 1 0 2/4 8:34 0:00 0:00
Otto Koivula 0 0 0 0 2 0 0 0 1 0 0/0 8:34 0:00 0:00
Pavel Zacha 0 0 0 -1 0 0 1 1 0 0 14/23 19:01 5:54 1:51
Ryan Donato 0 0 0 -1 0 1 0 1 0 0 1/3 14:09 0:00 0:38
Samuel Bolduc 0 0 0 0 0 0 0 1 0 0 0/0 14:00 0:00 0:00
Samuel Girard 0 0 0 -2 0 4 0 2 0 0 0/0 22:52 5:55 2:13
Tyson Barrie 0 0 0 0 0 3 0 1 1 1 0/0 23:08 5:59 1:45
3 Stars
1 - David Krejci (BOS)
2 - Nikita Kucherov (COL)
3 - Ryan O'Reilly (COL)
Power Play
Colorado Rockies - 0 on 2 Attempt(s) - 0.00%
Boston Bruins - 0 on 6 Attempt(s) - 0.00%
Penalty Kill
Colorado Rockies - 6 on 6 Attempt(s) - 100.00%
- Score 0 goal in Penalty Kill
Boston Bruins - 2 on 2 Attempt(s) - 100.00%
- Score 0 goal in Penalty Kill
Team Stat
Colorado Rockies - Hits : 15 - Faceoff Wins : 23 - Blocked Shots : 9 - Penalty Minutes : 12
Boston Bruins - Hits : 24 - Faceoff Wins : 27 - Blocked Shots : 10 - Penalty Minutes : 4
Official
Referees : Marc Joannette and Greg Kimmerly
Linesman : Steve Miller and Ryan Galloway
Game Notes
No Game Note
Finance
Level 1 -- Attendance: 4534 (75.57%) -- Ticket Income $453,400
Level 2 -- Attendance: 3435 (68.70%) -- Ticket Income $206,100
Level 3 -- Attendance: 2259 (75.30%) -- Ticket Income $79,065
Level 4 -- Attendance: 3469 (69.38%) -- Ticket Income $86,725
Luxury Box -- Attendance: 713 (71.30%) -- Ticket Income $142,600
Game was played at the TD Garden.
Total Attendance: 14410 (72.05%)
Total Ticket Income: $967,890
Other Income: $338,762
Total Income: $1,306,652
Colorado Rockies
5 vs 5 Forward
Center Left Wing Right Wing Time % Phy DF OF
1 Ryan O'Reilly Kyle Connor Nikita Kucherov 30 1 2 2
2 Tim Stutzle Jesper Bratt David Pastrnak 30 1 2 2
3 Evgeny Kuznetsov Nick Schmaltz Kevin Hayes 25 1 2 2
4 Nick Bonino Michael Bunting Kyle Palmieri 15 1 2 2
5 vs 5 Defense
Defense Defense Time % Phy DF OF
1 Victor Hedman Quinn Hughes 42 1 2 2
2 Vince Dunn Andrew Peeke 36 1 2 2
3 Martin Fehervary Nikita Zadorov 22 1 2 2
4 Victor Hedman Quinn Hughes 0 1 2 2
PowerPlay Forward
Center Left Wing Right Wing Time % Phy DF OF
1 Tim Stutzle Kyle Connor Nikita Kucherov 50 1 2 2
2 Ryan O'Reilly Jesper Bratt David Pastrnak 50 1 2 2
PowerPlay Defense
Defense Defense Time % Phy DF OF
1 Victor Hedman Quinn Hughes 50 1 2 2
2 Vince Dunn Andrew Peeke 50 1 2 2
Penalty Kill 4 Players Forward
Center Wing Time % Phy DF OF
1 Ryan O'Reilly Nick Schmaltz 50 1 2 2
2 Nick Bonino Tim Stutzle 50 1 2 2
Penalty Kill 4 Players Defense
Defense Defense Time % Phy DF OF
1 Martin Fehervary Andrew Peeke 50 1 2 2
2 Victor Hedman Nikita Zadorov 50 1 2 2
Penalty Kill - 3 Players Forward
Forward Time % Phy DF OF
1 Ryan O'Reilly 50 1 2 2
2 Nick Bonino 50 1 2 2
Penalty Kill - 3 Players Defense
Defense Defense Time % Phy DF OF
1 Andrew Peeke Victor Hedman 50 1 2 2
2 Martin Fehervary Nikita Zadorov 50 1 2 2
4 vs 4 Forward
Center Wing Time % Phy DF OF
1 Tim Stutzle Nikita Kucherov 50 1 2 2
2 Ryan O'Reilly David Pastrnak 50 1 2 2
4 vs 4 Defense
Defense Defense Time % Phy DF OF
1 Victor Hedman Quinn Hughes 50 1 2 2
2 Vince Dunn Andrew Peeke 50 1 2 2
Last Minutes Offensive
Center Left Wing Right Wing Defense Defense
Ryan O'Reilly Kyle Connor Nikita Kucherov Victor Hedman Quinn Hughes
Last Minutes Defensive
Center Left Wing Right Wing Defense Defense
Ryan O'Reilly Kyle Connor Nikita Kucherov Victor Hedman Quinn Hughes
Goaltenders
Starting : Joey Daccord
Backup : Andrei Vasilevskiy
Extra Forwards
Normal : Michael Bunting, Nick Schmaltz, Evgeny Kuznetsov - PP : Michael Bunting, Nick Schmaltz - PK : Evgeny Kuznetsov
Extra Defensemen
Normal : Martin Fehervary, Nikita Zadorov, Vince Dunn - PP : Martin Fehervary - PK : Nikita Zadorov, Vince Dunn
Penalty Shots
Evgeny Kuznetsov, Michael Bunting, Nikita Kucherov, Tim Stutzle, Nick Bonino
Boston Bruins
5 vs 5 Forward
Center Left Wing Right Wing Time % Phy DF OF
1 Pavel Zacha Brandon Hagel Anthony Beauvillier 30 1 2 2
2 David Krejci Luke Kunin Joel Farabee 30 1 2 2
3 Ryan Donato Joe Veleno John-Jason Peterka 25 1 2 2
4 Morgan Geekie Otto Koivula Jack Studnicka 15 1 2 2
5 vs 5 Defense
Defense Defense Time % Phy DF OF
1 Charlie McAvoy Tyson Barrie 35 1 2 2
2 Samuel Girard Cam York 35 1 2 2
3 Matt Grzelcyk Samuel Bolduc 30 1 2 2
4 Charlie McAvoy Tyson Barrie 0 1 2 2
PowerPlay Forward
Center Left Wing Right Wing Time % Phy DF OF
1 Pavel Zacha Brandon Hagel Anthony Beauvillier 50 1 2 2
2 David Krejci Luke Kunin Joel Farabee 50 1 2 2
PowerPlay Defense
Defense Defense Time % Phy DF OF
1 Charlie McAvoy Tyson Barrie 50 1 2 2
2 Samuel Girard Cam York 50 1 2 2
Penalty Kill 4 Players Forward
Center Wing Time % Phy DF OF
1 Brandon Hagel Pavel Zacha 50 1 2 2
2 David Krejci Anthony Beauvillier 50 1 2 2
Penalty Kill 4 Players Defense
Defense Defense Time % Phy DF OF
1 Charlie McAvoy Tyson Barrie 50 1 2 2
2 Samuel Girard Cam York 50 1 2 2
Penalty Kill - 3 Players Forward
Forward Time % Phy DF OF
1 Brandon Hagel 50 1 2 2
2 Pavel Zacha 50 1 2 2
Penalty Kill - 3 Players Defense
Defense Defense Time % Phy DF OF
1 Charlie McAvoy Tyson Barrie 50 1 2 2
2 Samuel Girard Cam York 50 1 2 2
4 vs 4 Forward
Center Wing Time % Phy DF OF
1 Brandon Hagel Pavel Zacha 50 1 2 2
2 David Krejci Anthony Beauvillier 50 1 2 2
4 vs 4 Defense
Defense Defense Time % Phy DF OF
1 Charlie McAvoy Tyson Barrie 50 1 2 2
2 Samuel Girard Cam York 50 1 2 2
Last Minutes Offensive
Center Left Wing Right Wing Defense Defense
Pavel Zacha Brandon Hagel Anthony Beauvillier Charlie McAvoy Tyson Barrie
Last Minutes Defensive
Center Left Wing Right Wing Defense Defense
Pavel Zacha Brandon Hagel Anthony Beauvillier Charlie McAvoy Tyson Barrie
Goaltenders
Starting : Pyotr Kochetkov
Backup : Leevi Merilainen
Extra Forwards
Normal : Ryan Donato, Joe Veleno, John-Jason Peterka - PP : Ryan Donato, Joe Veleno - PK : John-Jason Peterka
Extra Defensemen
Normal : Matt Grzelcyk, Samuel Bolduc, Samuel Girard - PP : Matt Grzelcyk - PK : Samuel Bolduc, Samuel Girard
Penalty Shots
Brandon Hagel, Pavel Zacha, David Krejci, Anthony Beauvillier, Luke Kunin
% Time on Ice - Colorado Rockies
Lines # - Real PCT - Wanted PCT - Time Play
Normal Forward
1 - 31% - 30% - 13:46
2 - 28% - 30% - 12:12
3 - 24% - 25% - 10:39
4 - 17% - 15% - 7:31
Normal Defense
1 - 42% - 42% - 18:28
2 - 36% - 36% - 15:51
3 - 22% - 22% - 9:49
4 - 0% - 0% - 0:00
PP Forward
1 - 50% - 50% - 1:59
2 - 50% - 50% - 1:59
PP Defense
1 - 55% - 50% - 2:11
2 - 45% - 50% - 1:47
PK Forward
1 - 52% - 50% - 6:13
2 - 48% - 50% - 5:41
PK Defense
1 - 54% - 50% - 6:22
2 - 46% - 50% - 5:32
PK3 Forward
1 - 0% - 50%
2 - 0% - 50%
PK3 Defense
1 - 0% - 50%
2 - 0% - 50%
44 Forward
1 - 0% - 50%
2 - 0% - 50%
44 Defense
1 - 0% - 50%
2 - 0% - 50%
Last Minute Offensive - 0:00
Last Minute Defensive - 0:00
Total
Forward - 60:00
Defense - 60:00
|
% Time on Ice - Boston Bruins
Lines # - Real PCT - Wanted PCT - Time Play
Normal Forward
1 - 26% - 30% - 11:16
2 - 24% - 30% - 10:47
3 - 31% - 25% - 13:31
4 - 19% - 15% - 8:34
Normal Defense
1 - 35% - 35% - 15:24
2 - 33% - 35% - 14:44
3 - 32% - 30% - 14:00
4 - 0% - 0% - 0:00
PP Forward
1 - 50% - 50% - 5:54
2 - 50% - 50% - 6:00
PP Defense
1 - 50% - 50% - 5:59
2 - 50% - 50% - 5:55
PK Forward
1 - 56% - 50% - 2:14
2 - 44% - 50% - 1:44
PK Defense
1 - 44% - 50% - 1:45
2 - 56% - 50% - 2:13
PK3 Forward
1 - 0% - 50%
2 - 0% - 50%
PK3 Defense
1 - 0% - 50%
2 - 0% - 50%
44 Forward
1 - 0% - 50%
2 - 0% - 50%
44 Defense
1 - 0% - 50%
2 - 0% - 50%
Last Minute Offensive - 0:00
Last Minute Defensive - 0:00
Total
Forward - 60:00
Defense - 60:00
|
Play-by-Play
1st period
0:01 of 1st period - Ryan O'Reilly wins face-off versus Pavel Zacha in neutral zone.
0:04 of 1st period - Snap shot by Nikita Kucherov.
0:04 of 1st period - Goal by Nikita Kucherov - Colorado Rockies : 1 - Boston Bruins : 0.
0:05 of 1st period - David Krejci wins face-off versus Tim Stutzle in neutral zone.
1:24 of 1st period - Wrist shot by Kyle Palmieri.
1:24 of 1st period - Stopped by Pyotr Kochetkov with a rebound.
1:34 of 1st period - Slapshot by David Krejci.
1:34 of 1st period - Stopped by Joey Daccord with a rebound.
1:46 of 1st period - Quinn Hughes is hit by Joel Farabee and loses puck.
2:03 of 1st period - Snap shot by Nikita Kucherov.
2:03 of 1st period - Goal by Nikita Kucherov - Colorado Rockies : 2 - Boston Bruins : 0.
2:04 of 1st period - Pavel Zacha wins face-off versus Nick Schmaltz in neutral zone.
2:29 of 1st period - Tyson Barrie is hit by Victor Hedman and loses puck.
2:34 of 1st period - Snap shot by Nikita Kucherov.
2:34 of 1st period - Shot Misses the Net.
3:26 of 1st period - Snap shot by Joel Farabee.
3:26 of 1st period - Stopped by Joey Daccord without a rebound.
3:27 of 1st period - Evgeny Kuznetsov wins face-off versus Pavel Zacha in Colorado Rockies zone.
3:27 of 1st period - Evgeny Kuznetsov is hit by Cam York.
3:50 of 1st period - Icing by Pavel Zacha.
3:51 of 1st period - Pavel Zacha wins face-off versus Ryan O'Reilly in Boston Bruins zone.
4:04 of 1st period - Off-side.
4:05 of 1st period - Tim Stutzle wins face-off versus Anthony Beauvillier in neutral zone.
4:08 of 1st period - Charlie McAvoy is hit by Tim Stutzle and loses puck.
4:17 of 1st period - Snap shot by Pavel Zacha.
4:17 of 1st period - Shot Misses the Net.
4:19 of 1st period - Snap shot by Brandon Hagel.
4:19 of 1st period - Shot Blocked by Victor Hedman.
4:21 of 1st period - Slapshot by Anthony Beauvillier.
4:21 of 1st period - Shot Misses the Net.
4:37 of 1st period - Snap shot by Nikita Kucherov.
4:37 of 1st period - Stopped by Pyotr Kochetkov without a rebound.
4:38 of 1st period - Ryan O'Reilly wins face-off versus Ryan Donato in Boston Bruins zone.
4:48 of 1st period - Minor Penalty to Nikita Kucherov for High sticking.
4:49 of 1st period - Pavel Zacha wins face-off versus Ryan O'Reilly in Colorado Rockies zone.
5:07 of 1st period - Andrew Peeke is hit by Brandon Hagel and loses puck.
5:18 of 1st period - Slapshot by Tim Stutzle.
5:18 of 1st period - Stopped by Pyotr Kochetkov with a rebound.
6:48 of 1st period - Penalty to Nikita Kucherov is over, Nikita Kucherov is back on ice.
7:24 of 1st period - Icing by Andrew Peeke.
7:25 of 1st period - Joe Veleno wins face-off versus Ryan O'Reilly in Colorado Rockies zone.
7:40 of 1st period - Wrist shot by Ryan Donato.
7:40 of 1st period - Shot Misses the Net.
8:09 of 1st period - Snap shot by Joel Farabee.
8:09 of 1st period - Shot Misses the Net.
8:11 of 1st period - Snap shot by Joel Farabee.
8:11 of 1st period - Shot Misses the Net.
8:13 of 1st period - Slapshot by Luke Kunin.
8:13 of 1st period - Deflect By David Krejci.
8:13 of 1st period - Stopped by Joey Daccord with a rebound.
9:13 of 1st period - Snap shot by Morgan Geekie.
9:13 of 1st period - Stopped by Joey Daccord with a rebound.
9:15 of 1st period - Backhand shot by Charlie McAvoy.
9:15 of 1st period - Stopped by Joey Daccord without a rebound.
9:16 of 1st period - Tim Stutzle wins face-off versus David Krejci in Colorado Rockies zone.
9:20 of 1st period - Off-side.
9:21 of 1st period - David Pastrnak wins face-off versus David Krejci in neutral zone.
9:24 of 1st period - Samuel Girard is hit by Tim Stutzle and loses puck.
9:49 of 1st period - Slapshot by Nick Schmaltz.
9:49 of 1st period - Shot Blocked by Luke Kunin.
9:57 of 1st period - Snap shot by Luke Kunin.
9:57 of 1st period - Stopped by Joey Daccord without a rebound.
9:58 of 1st period - Pavel Zacha wins face-off versus Ryan O'Reilly in Colorado Rockies zone.
10:07 of 1st period - Slapshot by Anthony Beauvillier.
10:07 of 1st period - Shot Hit the Post.
10:09 of 1st period - Wrist shot by Anthony Beauvillier.
10:09 of 1st period - Shot Blocked by Kyle Connor.
10:43 of 1st period - Wrist shot by Jack Studnicka.
10:43 of 1st period - Shot Misses the Net.
10:51 of 1st period - Wrist shot by Tim Stutzle.
10:51 of 1st period - Stopped by Pyotr Kochetkov without a rebound.
10:52 of 1st period - Ryan O'Reilly wins face-off versus Pavel Zacha in Boston Bruins zone.
11:19 of 1st period - Michael Bunting is hit by Luke Kunin.
11:25 of 1st period - Wrist shot by Kyle Palmieri.
11:25 of 1st period - Shot Blocked by Samuel Girard.
11:27 of 1st period - Wrist shot by Nick Bonino.
11:27 of 1st period - Stopped by Pyotr Kochetkov with a rebound.
11:29 of 1st period - Wrist shot by Nick Bonino.
11:29 of 1st period - Goal by Nick Bonino - Colorado Rockies : 3 - Boston Bruins : 0.
11:30 of 1st period - Pavel Zacha wins face-off versus Tim Stutzle in neutral zone.
11:55 of 1st period - Luke Kunin is hit by Nick Schmaltz and loses puck.
12:28 of 1st period - Joe Veleno is hit by Nikita Zadorov.
12:42 of 1st period - Slapshot by Samuel Girard.
12:42 of 1st period - Stopped by Joey Daccord without a rebound.
12:43 of 1st period - Tim Stutzle wins face-off versus Morgan Geekie in Colorado Rockies zone.
12:58 of 1st period - Snap shot by Morgan Geekie.
12:58 of 1st period - Shot Blocked by Quinn Hughes.
13:02 of 1st period - Snap shot by Morgan Geekie.
13:02 of 1st period - Shot Misses the Net.
13:04 of 1st period - Slapshot by Matt Grzelcyk.
13:04 of 1st period - Shot Misses the Net.
13:18 of 1st period - Wrist shot by Kyle Connor.
13:18 of 1st period - Stopped by Pyotr Kochetkov without a rebound.
13:19 of 1st period - Pavel Zacha wins face-off versus Ryan O'Reilly in Boston Bruins zone.
13:32 of 1st period - Snap shot by Brandon Hagel.
13:32 of 1st period - Deflect By Pavel Zacha.
13:32 of 1st period - Shot Misses the Net.
13:32 of 1st period - Puck is out of play.
13:33 of 1st period - Evgeny Kuznetsov wins face-off versus David Krejci in Colorado Rockies zone.
13:33 of 1st period - Evgeny Kuznetsov is hit by Joel Farabee.
14:57 of 1st period - Minor Penalty to Otto Koivula for Holding Stick.
14:58 of 1st period - Brandon Hagel wins face-off versus Tim Stutzle in Boston Bruins zone.
16:18 of 1st period - Quinn Hughes is hit by Brandon Hagel and loses puck.
16:57 of 1st period - Penalty to Otto Koivula is over, Otto Koivula is back on ice.
17:36 of 1st period - Snap shot by Michael Bunting.
17:36 of 1st period - Stopped by Pyotr Kochetkov without a rebound.
17:37 of 1st period - David Krejci wins face-off versus Nick Bonino in Boston Bruins zone.
17:47 of 1st period - Luke Kunin is hit by Nikita Zadorov and loses puck.
18:29 of 1st period - Samuel Girard is hit by Kyle Connor and loses puck.
18:54 of 1st period - Slapshot by Samuel Girard.
18:54 of 1st period - Stopped by Joey Daccord with a rebound.
18:56 of 1st period - Snap shot by Jack Studnicka.
18:56 of 1st period - Stopped by Joey Daccord with a rebound.
19:18 of 1st period - Wrist shot by Kyle Palmieri.
19:18 of 1st period - Shot Misses the Net.
19:44 of 1st period - Nikita Kucherov is hit by Charlie McAvoy and loses puck.
Goals for this period are 3 for Colorado Rockies vs 0 for Boston Bruins.
Shots for this period are 10 for Colorado Rockies vs 9 for Boston Bruins.
2nd period
0:01 of 2nd period - Tim Stutzle wins face-off versus Pavel Zacha in neutral zone.
1:08 of 2nd period - Slapshot by Michael Bunting.
1:08 of 2nd period - Stopped by Pyotr Kochetkov with a rebound.
1:10 of 2nd period - Wrist shot by Nick Bonino.
1:10 of 2nd period - Deflect By Kyle Palmieri.
1:10 of 2nd period - Shot Misses the Net.
1:10 of 2nd period - Puck is out of play.
1:11 of 2nd period - Pavel Zacha wins face-off versus Nick Bonino in Boston Bruins zone.
1:26 of 2nd period - Wrist shot by Anthony Beauvillier.
1:26 of 2nd period - Stopped by Joey Daccord without a rebound.
1:27 of 2nd period - David Krejci wins face-off versus Tim Stutzle in Colorado Rockies zone.
1:40 of 2nd period - Slapshot by Tim Stutzle.
1:40 of 2nd period - Stopped by Pyotr Kochetkov without a rebound.
1:41 of 2nd period - Ryan O'Reilly wins face-off versus Pavel Zacha in Boston Bruins zone.
2:29 of 2nd period - Nikita Kucherov is hit by David Krejci and loses puck.
2:38 of 2nd period - Slapshot by Kyle Connor.
2:38 of 2nd period - Stopped by Pyotr Kochetkov with a rebound.
2:52 of 2nd period - Slapshot by Nikita Kucherov.
2:52 of 2nd period - Stopped by Pyotr Kochetkov with a rebound.
3:04 of 2nd period - Slapshot by Kyle Connor.
3:04 of 2nd period - Stopped by Pyotr Kochetkov without a rebound.
3:05 of 2nd period - Pavel Zacha wins face-off versus Tim Stutzle in Boston Bruins zone.
3:05 of 2nd period - Pavel Zacha is hit by David Pastrnak.
4:14 of 2nd period - Slapshot by Samuel Girard.
4:14 of 2nd period - Stopped by Joey Daccord with a rebound.
4:16 of 2nd period - Snap shot by Morgan Geekie.
4:16 of 2nd period - Deflect By Jack Studnicka.
4:16 of 2nd period - Stopped by Joey Daccord without a rebound.
4:17 of 2nd period - Morgan Geekie wins face-off versus Tim Stutzle in Colorado Rockies zone.
4:30 of 2nd period - Wrist shot by Morgan Geekie.
4:30 of 2nd period - Shot Misses the Net.
5:07 of 2nd period - Snap shot by Jesper Bratt.
5:07 of 2nd period - Shot Misses the Net.
5:19 of 2nd period - Wrist shot by David Pastrnak.
5:19 of 2nd period - Stopped by Pyotr Kochetkov with a rebound.
5:35 of 2nd period - Snap shot by John-Jason Peterka.
5:35 of 2nd period - Stopped by Joey Daccord without a rebound.
5:36 of 2nd period - David Krejci wins face-off versus Evgeny Kuznetsov in Colorado Rockies zone.
5:51 of 2nd period - Slapshot by Nick Schmaltz.
5:51 of 2nd period - Shot Misses the Net.
6:03 of 2nd period - Quinn Hughes is hit by Brandon Hagel and loses puck.
6:52 of 2nd period - Slapshot by Quinn Hughes.
6:52 of 2nd period - Shot Misses the Net.
7:29 of 2nd period - Wrist shot by Ryan Donato.
7:29 of 2nd period - Stopped by Joey Daccord with a rebound.
7:31 of 2nd period - Slapshot by Tyson Barrie.
7:31 of 2nd period - Stopped by Joey Daccord with a rebound.
7:33 of 2nd period - Wrist shot by Joe Veleno.
7:33 of 2nd period - Stopped by Joey Daccord with a rebound.
7:35 of 2nd period - Wrist shot by Joe Veleno.
7:35 of 2nd period - Stopped by Joey Daccord with a rebound.
8:07 of 2nd period - Snap shot by David Krejci.
8:07 of 2nd period - Goal by David Krejci - Colorado Rockies : 3 - Boston Bruins : 1.
8:08 of 2nd period - David Pastrnak wins face-off versus David Krejci in neutral zone.
8:13 of 2nd period - Wrist shot by David Pastrnak.
8:13 of 2nd period - Stopped by Pyotr Kochetkov with a rebound.
8:15 of 2nd period - Snap shot by David Pastrnak.
8:15 of 2nd period - Shot Blocked by Samuel Bolduc.
8:17 of 2nd period - Slapshot by Andrew Peeke.
8:17 of 2nd period - Stopped by Pyotr Kochetkov without a rebound.
8:18 of 2nd period - Tim Stutzle wins face-off versus David Krejci in Boston Bruins zone.
8:19 of 2nd period - Slapshot by David Pastrnak.
8:19 of 2nd period - Stopped by Pyotr Kochetkov with a rebound.
8:21 of 2nd period - Snap shot by Tim Stutzle.
8:21 of 2nd period - Stopped by Pyotr Kochetkov without a rebound.
8:22 of 2nd period - Pavel Zacha wins face-off versus Evgeny Kuznetsov in Boston Bruins zone.
9:00 of 2nd period - Snap shot by David Pastrnak.
9:00 of 2nd period - Goal by David Pastrnak - Colorado Rockies : 4 - Boston Bruins : 1.
9:01 of 2nd period - Pavel Zacha wins face-off versus Ryan O'Reilly in neutral zone.
9:06 of 2nd period - Snap shot by Anthony Beauvillier.
9:06 of 2nd period - Stopped by Joey Daccord without a rebound.
9:07 of 2nd period - Ryan O'Reilly wins face-off versus Pavel Zacha in Colorado Rockies zone.
9:07 of 2nd period - Ryan O'Reilly is hit by Anthony Beauvillier.
9:16 of 2nd period - Minor Penalty to Brandon Hagel for Interference.
9:17 of 2nd period - Ryan O'Reilly wins face-off versus John-Jason Peterka in Boston Bruins zone.
9:27 of 2nd period - Wrist shot by Ryan O'Reilly.
9:27 of 2nd period - Shot Misses the Net.
9:29 of 2nd period - Snap shot by Andrew Peeke.
9:29 of 2nd period - Shot Blocked by John-Jason Peterka.
9:31 of 2nd period - Snap shot by Andrew Peeke.
9:31 of 2nd period - Stopped by Pyotr Kochetkov with a rebound.
9:33 of 2nd period - Snap shot by Jesper Bratt.
9:33 of 2nd period - Shot Misses the Net.
9:43 of 2nd period - Andrew Peeke is hit by Cam York and loses puck.
11:16 of 2nd period - Penalty to Brandon Hagel is over, Brandon Hagel is back on ice.
11:35 of 2nd period - Snap shot by Morgan Geekie.
11:35 of 2nd period - Shot Misses the Net.
11:45 of 2nd period - Victor Hedman is hit by Joel Farabee and loses puck.
13:05 of 2nd period - Snap shot by David Krejci.
13:05 of 2nd period - Goal by David Krejci - Colorado Rockies : 4 - Boston Bruins : 2.
13:06 of 2nd period - David Krejci wins face-off versus Tim Stutzle in neutral zone.
13:09 of 2nd period - Wrist shot by Joel Farabee.
13:09 of 2nd period - Shot Blocked by Andrew Peeke.
13:59 of 2nd period - Wrist shot by Kevin Hayes.
13:59 of 2nd period - Shot Misses the Net.
14:01 of 2nd period - Snap shot by Evgeny Kuznetsov.
14:01 of 2nd period - Shot Misses the Net.
14:03 of 2nd period - Slapshot by Quinn Hughes.
14:03 of 2nd period - Shot Blocked by Joe Veleno.
14:05 of 2nd period - Snap shot by Kevin Hayes.
14:05 of 2nd period - Stopped by Pyotr Kochetkov with a rebound.
15:22 of 2nd period - Snap shot by Joe Veleno.
15:22 of 2nd period - Stopped by Joey Daccord with a rebound.
15:24 of 2nd period - Snap shot by Joe Veleno.
15:24 of 2nd period - Deflect By John-Jason Peterka.
15:24 of 2nd period - Shot Misses the Net.
15:24 of 2nd period - Puck is out of play.
15:25 of 2nd period - David Krejci wins face-off versus Tim Stutzle in Colorado Rockies zone.
15:33 of 2nd period - Minor Penalty to Quinn Hughes for Tripping.
15:34 of 2nd period - Nick Bonino wins face-off versus David Krejci in Colorado Rockies zone.
15:50 of 2nd period - Slapshot by David Krejci.
15:50 of 2nd period - Deflect By Joel Farabee.
15:50 of 2nd period - Stopped by Joey Daccord with a rebound.
16:00 of 2nd period - Samuel Girard is hit by Martin Fehervary and loses puck.
17:33 of 2nd period - Penalty to Quinn Hughes is over, Quinn Hughes is back on ice.
18:25 of 2nd period - Cam York is hit by Vince Dunn and loses puck.
19:00 of 2nd period - Samuel Bolduc is hit by Nick Schmaltz and loses puck.
19:13 of 2nd period - Matt Grzelcyk is hit by Michael Bunting and loses puck.
19:26 of 2nd period - Jack Studnicka is hit by Michael Bunting.
19:52 of 2nd period - Luke Kunin is hit by Ryan O'Reilly and loses puck.
Goals for this period are 1 for Colorado Rockies vs 2 for Boston Bruins.
Shots for this period are 13 for Colorado Rockies vs 13 for Boston Bruins.
3rd period
0:01 of 3rd period - Pavel Zacha wins face-off versus Tim Stutzle in neutral zone.
0:04 of 3rd period - Slapshot by Samuel Girard.
0:04 of 3rd period - Shot Misses the Net.
1:12 of 3rd period - Wrist shot by Kyle Palmieri.
1:12 of 3rd period - Stopped by Pyotr Kochetkov without a rebound.
1:13 of 3rd period - Tim Stutzle wins face-off versus Pavel Zacha in Boston Bruins zone.
1:18 of 3rd period - Backhand shot by Tim Stutzle.
1:18 of 3rd period - Stopped by Pyotr Kochetkov with a rebound.
1:20 of 3rd period - Wrist shot by Jesper Bratt.
1:20 of 3rd period - Shot Misses the Net.
1:26 of 3rd period - Backhand shot by David Pastrnak.
1:26 of 3rd period - Shot Hit the Post.
1:28 of 3rd period - Wrist shot by David Pastrnak.
1:28 of 3rd period - Stopped by Pyotr Kochetkov with a rebound.
1:30 of 3rd period - Wrist shot by Tim Stutzle.
1:30 of 3rd period - Stopped by Pyotr Kochetkov with a rebound.
1:50 of 3rd period - Kevin Hayes is hit by Matt Grzelcyk and loses puck.
2:25 of 3rd period - Snap shot by Kyle Palmieri.
2:25 of 3rd period - Stopped by Pyotr Kochetkov with a rebound.
2:45 of 3rd period - Slapshot by Tyson Barrie.
2:45 of 3rd period - Stopped by Joey Daccord with a rebound.
3:23 of 3rd period - Minor Penalty to Nick Schmaltz for Holding.
3:24 of 3rd period - Nick Bonino wins face-off versus Pavel Zacha in Colorado Rockies zone.
3:39 of 3rd period - Nikita Zadorov is hit by Cam York and loses puck.
4:02 of 3rd period - Andrew Peeke is hit by David Krejci and loses puck.
5:23 of 3rd period - Penalty to Nick Schmaltz is over, Nick Schmaltz is back on ice.
5:52 of 3rd period - Nick Schmaltz is hit by Matt Grzelcyk and loses puck.
5:57 of 3rd period - Wrist shot by Morgan Geekie.
5:57 of 3rd period - Shot Misses the Net.
6:16 of 3rd period - Slapshot by Kyle Palmieri.
6:16 of 3rd period - Deflect By Nick Bonino.
6:16 of 3rd period - Shot Misses the Net.
6:16 of 3rd period - Puck is out of play.
6:17 of 3rd period - Ryan O'Reilly wins face-off versus Morgan Geekie in Boston Bruins zone.
6:30 of 3rd period - Snap shot by Kyle Connor.
6:30 of 3rd period - Shot Misses the Net.
6:32 of 3rd period - Slapshot by Andrew Peeke.
6:32 of 3rd period - Stopped by Pyotr Kochetkov with a rebound.
6:46 of 3rd period - Slapshot by Nick Bonino.
6:46 of 3rd period - Shot Blocked by Pavel Zacha.
7:31 of 3rd period - Icing by Kyle Connor.
7:32 of 3rd period - Pavel Zacha wins face-off versus Ryan O'Reilly in Colorado Rockies zone.
7:46 of 3rd period - Minor Penalty to Vince Dunn for Tripping.
7:47 of 3rd period - Pavel Zacha wins face-off versus Nick Bonino in Colorado Rockies zone.
7:51 of 3rd period - Wrist shot by Anthony Beauvillier.
7:51 of 3rd period - Shot Blocked by Nikita Zadorov.
8:01 of 3rd period - Nikita Zadorov is hit by Pavel Zacha.
8:24 of 3rd period - Slapshot by Charlie McAvoy.
8:24 of 3rd period - Shot Blocked by Andrew Peeke.
8:26 of 3rd period - Snap shot by Tyson Barrie.
8:26 of 3rd period - Shot Misses the Net.
9:01 of 3rd period - Icing by Samuel Girard.
9:02 of 3rd period - Nick Bonino wins face-off versus David Krejci in Boston Bruins zone.
9:46 of 3rd period - Penalty to Vince Dunn is over, Vince Dunn is back on ice.
10:22 of 3rd period - Snap shot by Jack Studnicka.
10:22 of 3rd period - Deflect By Morgan Geekie.
10:22 of 3rd period - Shot Blocked by Andrew Peeke.
10:22 of 3rd period - Puck is out of play.
10:23 of 3rd period - David Krejci wins face-off versus Tim Stutzle in Colorado Rockies zone.
10:28 of 3rd period - Snap shot by Luke Kunin.
10:28 of 3rd period - Stopped by Joey Daccord with a rebound.
10:30 of 3rd period - Slapshot by Cam York.
10:30 of 3rd period - Deflect By Luke Kunin.
10:30 of 3rd period - Stopped by Joey Daccord with a rebound.
10:32 of 3rd period - Slapshot by Samuel Girard.
10:32 of 3rd period - Stopped by Joey Daccord with a rebound.
10:34 of 3rd period - Snap shot by Luke Kunin.
10:34 of 3rd period - Shot Misses the Net.
11:15 of 3rd period - Evgeny Kuznetsov is hit by Joe Veleno and loses puck.
11:36 of 3rd period - Wrist shot by Jack Studnicka.
11:36 of 3rd period - Shot Blocked by Nick Bonino.
12:02 of 3rd period - Nikita Zadorov is hit by David Krejci.
12:30 of 3rd period - Minor Penalty to Vince Dunn for Hooking.
12:31 of 3rd period - David Krejci wins face-off versus Ryan O'Reilly in Colorado Rockies zone.
12:38 of 3rd period - Snap shot by David Krejci.
12:38 of 3rd period - Stopped by Joey Daccord with a rebound.
12:47 of 3rd period - Off-side.
12:48 of 3rd period - Nick Bonino wins face-off versus Pavel Zacha in neutral zone.
13:20 of 3rd period - Andrew Peeke is hit by Luke Kunin and loses puck.
13:45 of 3rd period - Nick Bonino is hit by Luke Kunin and loses puck.
14:30 of 3rd period - Penalty to Vince Dunn is over, Vince Dunn is back on ice.
16:05 of 3rd period - Slapshot by Martin Fehervary.
16:05 of 3rd period - Shot Blocked by Tyson Barrie.
16:31 of 3rd period - Minor Penalty to Michael Bunting for Tripping.
16:32 of 3rd period - Pavel Zacha wins face-off versus Ryan O'Reilly in Colorado Rockies zone.
16:57 of 3rd period - Andrew Peeke is hit by Luke Kunin and loses puck.
17:02 of 3rd period - Wrist shot by David Krejci.
17:02 of 3rd period - Stopped by Joey Daccord with a rebound.
17:04 of 3rd period - Wrist shot by David Krejci.
17:04 of 3rd period - Stopped by Joey Daccord with a rebound.
17:06 of 3rd period - Slapshot by Tyson Barrie.
17:06 of 3rd period - Stopped by Joey Daccord with a rebound.
18:31 of 3rd period - Penalty to Michael Bunting is over, Michael Bunting is back on ice.
18:43 of 3rd period - Victor Hedman is hit by Morgan Geekie and loses puck.
18:48 of 3rd period - Wrist shot by Morgan Geekie.
18:48 of 3rd period - Deflect By Otto Koivula.
18:48 of 3rd period - Shot Misses the Net.
18:48 of 3rd period - Puck is out of play.
18:49 of 3rd period - Ryan Donato wins face-off versus Tim Stutzle in Colorado Rockies zone.
18:58 of 3rd period - Wrist shot by Ryan Donato.
18:58 of 3rd period - Shot Misses the Net.
19:00 of 3rd period - Snap shot by Joe Veleno.
19:00 of 3rd period - Deflect By Ryan Donato.
19:00 of 3rd period - Shot Misses the Net.
19:00 of 3rd period - Puck is out of play.
19:01 of 3rd period - Evgeny Kuznetsov wins face-off versus Ryan Donato in Colorado Rockies zone.
19:10 of 3rd period - Wrist shot by Evgeny Kuznetsov.
19:10 of 3rd period - Shot Blocked by Samuel Girard.
19:12 of 3rd period - Wrist shot by Victor Hedman.
19:12 of 3rd period - Deflect By Nick Schmaltz.
19:12 of 3rd period - Shot Blocked by Joe Veleno.
19:12 of 3rd period - Puck is out of play.
19:13 of 3rd period - Evgeny Kuznetsov wins face-off versus Joe Veleno in Boston Bruins zone.
19:20 of 3rd period - Wrist shot by Evgeny Kuznetsov.
19:20 of 3rd period - Shot Hit the Post.
19:22 of 3rd period - Slapshot by Quinn Hughes.
19:22 of 3rd period - Shot Misses the Net.
19:24 of 3rd period - Slapshot by Victor Hedman.
19:24 of 3rd period - Shot Blocked by Ryan Donato.
19:26 of 3rd period - Snap shot by Evgeny Kuznetsov.
19:26 of 3rd period - Deflect By Nick Schmaltz.
19:26 of 3rd period - Stopped by Pyotr Kochetkov without a rebound.
19:27 of 3rd period - Morgan Geekie wins face-off versus Evgeny Kuznetsov in Boston Bruins zone.
19:27 of 3rd period - Morgan Geekie is hit by Evgeny Kuznetsov.
19:53 of 3rd period - Kyle Palmieri is hit by John-Jason Peterka and loses puck.
19:58 of 3rd period - Snap shot by John-Jason Peterka.
19:58 of 3rd period - Shot Blocked by Kyle Palmieri.
Goals for this period are 0 for Colorado Rockies vs 0 for Boston Bruins.
Shots for this period are 7 for Colorado Rockies vs 8 for Boston Bruins.
Back to the Top